AoeStats
← BremerDanGorst

Arabia

507118191Analyzed
1v1 RM · 15d ago on Sep 16, 2026· 56m 30s· 2 players
Game mode
Random Map
Map size
Tiny (2 player)
Population
200
Speed
Normal
Resources
Standard
Victory
Conquest
Starting age
Dark Age
Ending age
Imperial Age
RankedLock teamsTeams togetherTeam positionsShared explorationLock speedFull tech treeHidden civsTurbo modeCheats
Victory
Defeat
🇬🇧 Magyars · United Kingdom
591
+27
🇩🇰 Franks · Denmark
560
-15
_napalm_
10:25 Feudal Age
11:17 Double-Bit Axe
14:56 Forging
18:44 Gold Mining
20:18 Scale Mail Armor
22:35 Castle Age
21:06 Scale Barding Armor
26:11 Stone Mining
27:07 Bow Saw
27:35 Gold Shaft Mining
30:00 Pikeman
33:46 Iron Casting
34:46 Husbandry
35:09 Chain Barding Armor
38:26 Imperial Age
38:28 Cavalier
42:17 Blast Furnace
42:37 Plate Barding Armor
43:34 Elite Throwing Axeman
44:40 Chain Mail Armor
43:55 Halberdier
45:00 Paladin
46:33 Plate Mail Armor
47:42 Gambesons
55:13 Elite Throwing Axeman
BremerDanGorst
7:17 Loom
9:58 Feudal Age
18:15 Bloodlines
18:24 Horse Collar
18:35 Double-Bit Axe
24:20 Castle Age
26:29 Bow Saw
26:05 Light Cavalry
27:17 Thumb Ring
27:27 Heavy Plow
27:49 Fletching
28:00 Padded Archer Armor
28:32 Pikeman
30:46 Husbandry
32:36 Wheelbarrow
32:14 Bodkin Arrow
32:27 Scale Barding Armor
35:12 Leather Archer Armor
34:58 Scale Mail Armor
35:47 Town Watch
39:04 Chain Barding Armor
39:04 Chain Mail Armor
41:53 Imperial Age
41:30 Ballistics
43:11 Parthian Tactics
42:43 Heavy Cavalry Archer
44:15 Recurve Bow
44:45 Bracer
45:17 Ring Archer Armor
45:23 Plate Barding Armor
45:10 Hussar
46:48 Halberdier
48:50 Chemistry
50:34 Two-Man Saw
50:07 Crop Rotation
53:46 Conscription
Connection lost

Rejoining the realm…

Still unreachable

The connection could not be restored.

Session expired

The server has moved on; the page needs a fresh start.